 Dungeon Crawl Stone Soup version 0.31-a0-435-g2c6fae2916 (webtiles) character file.

Game seed: 1329544808086319056

167 randomguy2701 the Ogre Mage (level 5, -1/46 HPs)
             Began as an Ogre Air Elementalist on Aug 2, 2023.
             Slain by a lemure (6 damage)
             ... led by Pikel
             ... on level 3 of the Dungeon.
             The game lasted 00:05:31 (3819 turns).

randomguy2701 the Ogre Mage (Ogre Air Elementalist) Turns: 3819, Time: 00:05:33

Health: -1/46      AC:  3    Str: 12    XL:     5   Next: 48%
Magic:  6/11       EV: 10    Int: 18    God:
Gold:   131        SH:  0    Dex: 15    Spells: 11/12 levels left

rFire   . . .        f - +0 mace
rCold   . . .        (no shield)
rNeg    . . .        a - +0 robe
rPois   .            (helmet restricted)
rElec   .            (no cloak)
rCorr   .            (gloves unavailable)
SInv    .            (boots unavailable)
Will    .....        k - amulet of the acrobat
Stlth   ++           l - +6 ring of dexterity
HPRegen 0.27/turn    (no ring)
MPRegen 0.12/turn

%: acrobat
@: no status effects
A: large, unfitting armour, tough skin 1
a: no special abilities


You were on level 3 of the Dungeon.
You visited 1 branch of the dungeon, and saw 4 of its levels.

You collected 131 gold pieces.

Inventory:

Hand Weapons
 f - a +0 mace (weapon)
Armour
 a - a +0 robe (worn)
 r - a +2 pair of boots
Magical Staves
 m - a staff of cold
Jewellery
 k - an amulet of the acrobat (around neck)
 l - a +6 ring of dexterity (left hand)
Wands
 o - a wand of mindburst (12)
Scrolls
 d - a scroll of vulnerability {unknown}
 h - 2 scrolls of noise {unknown}
 i - 2 scrolls of fear {unknown}
 j - 4 scrolls of identify {unknown}
 n - a scroll of blinking {unknown}
 p - 2 scrolls of teleportation {unknown}
 q - a scroll of butterflies {unknown}
 t - a scroll of silence {unknown}
 v - a scroll of amnesia {unknown}
Potions
 b - a potion of magic
 c - 4 potions of attraction {unknown}
 e - 2 potions of curing {unknown}
 g - 2 potions of brilliance {unknown}
 s - a potion of ambrosia {unknown}
 u - a potion of resistance {unknown}


   Skills:
 + Level 0.7 Fighting
 + Level 0.3 Maces & Flails
 + Level 1.8 Dodging
 + Level 1.9 Stealth
 + Level 4.0 Spellcasting
 + Level 2.3 Conjurations
 + Level 3.6 Air Magic


You had 11 spell levels left.
You knew the following spells:

 Your Spells              Type           Power      Damage    Failure   Level
a - Shock                 Conj/Air       56%        1d6       4%          1

Your spell library contained the following spells:

 Spells                   Type           Power      Damage    Failure   Level
 Static Discharge         Conj/Air       28%        2-4/arc   6%          2
 Swiftness                Air            16%        N/A       10%         3
 Dazzling Flash           Conj/Hex       14%        N/A       28%         3
 Airstrike                Air            8%         2d(2-18)  32%         4
 Volatile Blastmotes      Fire/Tloc      6%         2d10      41%         3
 Starburst                Conj/Fire      3%         6d3       100%        6
 Maxwell's Capacitive Co  Air            8%         ∞         100%        8


Dungeon Overview and Level Annotations

Branches:
Dungeon (4/15)
 Temple: D:4-7

Altars:
Zin

Annotations:
D:2 1 runed translucent door, Crazy Yiuf
D:3 Grinder, Ijyb


Innate Abilities, Weirdness & Mutations

You are too large for most types of armour.
You have tough skin. (AC +1)


Message History

Press: ? - help, Shift-Dir - straight line, f/p - lemure
Aim: a lemure (lightly wounded, 64% to hit)
The zap hits the lemure.
The lemure is lightly wounded.
The lemure barely misses you.
Casting: Shock (safe; 4% risk of failure)
Confirm with . or Enter, or press ? or * to list all spells.
Aiming: Shock (safe; 4% risk of failure)
Press: ? - help, Shift-Dir - straight line, f/p - lemure
Aim: a lemure (lightly wounded, 64% to hit)
The zap hits the lemure but does no damage.
The lemure is lightly wounded.
The lemure barely misses you.
Casting: Shock (safe; 4% risk of failure)
Confirm with . or Enter, or press ? or * to list all spells.
Aiming: Shock (safe; 4% risk of failure)
Press: ? - help, Shift-Dir - straight line, f/p - lemure
Aim: a lemure (lightly wounded, 64% to hit)
The zap hits the lemure.
The lemure is moderately wounded.
The lemure hits you.
* * * LOW HITPOINT WARNING * * *
Casting: Shock (safe; 4% risk of failure)
Confirm with . or Enter, or press ? or * to list all spells.
Aiming: Shock (safe; 4% risk of failure)
Press: ? - help, Shift-Dir - straight line, f/p - lemure
Aim: a lemure (moderately wounded, 64% to hit)
The zap hits the lemure.
The lemure is heavily wounded.
The lemure hits you.
* * * LOW HITPOINT WARNING * * *
Casting: Shock (safe; 4% risk of failure)
Confirm with . or Enter, or press ? or * to list all spells.
Aiming: Shock (safe; 4% risk of failure)
Press: ? - help, Shift-Dir - straight line, f/p - lemure
Aim: a lemure (heavily wounded, 64% to hit)
The zap hits the lemure.
The lemure is severely wounded.
The lemure hits you.
You die...

#.#
#.#
#.#
#.#
#.####
#....#
####.#
#.#
#@#
#5#
#.#
#.#
#)#
#)#
######
#)#
.....#
#.#
.###.#
#.#


You could see a lemure.

Vanquished Creatures
  Robin (D:3)
  6 gnolls
  5 adders
  A dart slug (D:2)
  An orc (D:3)
  3 ball pythons (D:1)
  2 endoplasms
  5 goblins
  7 hobgoblins
  5 kobolds
  3 quokkas
  6 bats
  6 frilled lizards
  4 rats
55 creatures vanquished.

Notes
Turn   | Place    | Note
-------+----------+-------------------------------------------
     0 | D:1      | randomguy2701 the Ogre Air Elementalist began the quest for
                  | the Orb.
     0 | D:1      | Reached XP level 1. HP: 16/16 MP: 3/3
   335 | D:1      | Reached XP level 2. HP: 22/24 MP: 0/5
   469 | D:1      | Reached skill level 1 in Conjurations
  1069 | D:2      | Reached XP level 3. HP: 31/31 MP: 2/7
  1119 | D:2      | Found a glowing silver altar of Zin.
  1291 | D:2      | Reached skill level 3 in Spellcasting
  1436 | D:2      | Reached XP level 4. HP: 39/39 MP: 4/8
  1675 | D:2      | Found a runed translucent door.
  1676 | D:2      | Noticed Crazy Yiuf
  2481 | D:3      | Noticed Grinder
  2542 | D:3      | Noticed Robin
  2800 | D:3      | Killed Robin
  2991 | D:3      | Paralysed by Grinder for 5 turns
  3343 | D:3      | Reached XP level 5. HP: 46/46 MP: 8/10
  3592 | D:3      | Reached skill level 4 in Spellcasting
  3600 | D:3      | Paralysed by Grinder for 4 turns
  3610 | D:3      | Paralysed by Grinder for 5 turns
  3679 | D:4      | Noticed a lemure
  3717 | D:4      | Noticed a lemure
  3718 | D:4      | Noticed a lemure
  3723 | D:4      | Noticed a lemure
  3730 | D:3      | Noticed Ijyb
  3819 | D:3      | Slain by a lemure

Illustrated notes

Levels and vault maps discovered:
D:1:      sevenhm_arrival_forest_fort_large_2, layout_rooms
D:2:      layout_loops_corners, basic_altar, minmay_misc_feat_rows,
          uniq_crazy_yiuf_cottage
D:3:      layout_loops_ring, uniq_grinder, uniq_ijyb, uniq_robin
D:4:      layout_rooms, kennysheep_orc_chapel, uniq_sigmund, uniq_pikel

Skill      XL: |  1  2  3  4  5 |
---------------+----------------+-----
Air Magic      | 3 |  3.6
Conjurations   | 1 2 |  2.3
Spellcasting   | 3 4 |  4.0
Fighting       | |  0.7
Maces & Flails | |  0.3
Dodging        | |  1.8
Stealth        | |  1.9

Action                     |  1- 3 |  4- 6 || total
---------------------------+-------+-------++-------
  Melee: Mace              |    19 |    19 ||    38
         Punch             |     1 |       ||     1
   Cast: Shock             |    58 |    89 ||   147
 Armour: Robe              |    11 |     5 ||    16
  Dodge: Dodged            |    15 |    47 ||    62

Table legend: (Time is in decaauts)
 A = Elapsed time spent in this place.
 B = Non-inter-level travel time spent in this place.
 C = Inter-level travel time spent in this place.
 D = Time resting spent in this place.
 E = Time spent auto-exploring this place.
 F = Levels seen in this place.
 G = Mean time per level.
                   A        B        C        D        E       F      G
               +--------+--------+--------+--------+--------+-----+--------+
         Total |   3834 |   3405 |    429 |      5 |   2813 |   4 |  958.5 |
       Dungeon |   3834 |   3405 |    429 |      5 |   2813 |   4 |  958.5 |
               +--------+--------+--------+--------+--------+-----+--------+

Top non-repeatable levels by time:
     D:2: 1953 daAuts
     D:1: 1018 daAuts
     D:3: 758 daAuts
     D:4: 103 daAuts
